 Dungeon Crawl Stone Soup version 0.19-a0-1676-g39ae8cc (webtiles) character file.

410 4thArraOfDagon the Ruffian (level 6, -8/53 HPs)
             Began as a Troll Wanderer on Sept 23, 2016.
             Was a Follower of Cheibriados.
             Mangled by Sigmund
             ... wielding a +0 scythe
              (13 damage)
             ... on level 6 of the Dungeon.
             The game lasted 00:04:51 (856 turns).

4thArraOfDagon the Ruffian (Troll Wanderer)          Turns: 856, Time: 00:04:52

Health: -8/53      AC:  5    Str: 22    XL:     6   Next: 58%
Magic:  9/9        EV:  9    Int: 13    God:    Cheibriados [*.....]
Gold:   134        SH:  0    Dex: 11    Spells: 1 memorised, 7 levels left

rFire  + . .     SeeInvis .       - Unarmed
rCold  + . .     Gourm    +     d - +0 robe
rNeg   . . .     Faith    .     (no shield)
rPois  +         Spirit   .     (helmet restricted)
rElec  +         Dismiss  .     (no cloak)
rCorr  +         Reflect  .     (gloves unavailable)
MR     .....     Harm     .     (boots unavailable)
Stlth  +.........               (no amulet)
                                (no ring)
                                (no ring)

@: resistant, very slightly contaminated, very slow
A: unfitting armour, claws 3, fast metabolism 3, gourmand, high mp 1,
regeneration 1, shaggy fur 1, tough skin 2, evolution 1, sturdy frame 1
a: Bend Time, Renounce Religion


You were on level 6 of the Dungeon.
You worshipped Cheibriados.
Cheibriados was aware of your devotion.
You were not hungry.

You visited 1 branch of the dungeon, and saw 6 of its levels.

You collected 134 gold pieces.

Inventory:

Hand Weapons
 e - a +0 club
Armour
 d - a +0 robe (worn)
Potions
 k - 2 potions of flight
 m - a potion of cancellation
Books
 a - a book of Battle

   Spells                             Type                      Level
   a - Infusion                       Charms                       1
   b - Shroud of Golubria             Charms/Translocation         2
   c - Song of Slaying                Charms                       2
   d - Spectral Weapon                Hexes/Charms                 3
   e - Regeneration                   Charms/Necromancy            3
 b - the Papyrus of Shape Shifting

   Spells                             Type                      Level
   a - Beastly Appendage              Transmutation                1
   b - Ignite Poison                  Fire/Transmutation/Poison    3
Comestibles
 c - a meat ration
 f - 5 bread rations
 g - a royal jelly


   Skills:
 + Level 0.1 Fighting
 + Level 0.1 Dodging
 * Level 5.8 Unarmed Combat
 - Level 2.6 Spellcasting
 - Level 1.0 Charms
   Level 1.3 Transmutations
   Level 1.0 Ice Magic
 + Level 2.6 Invocations
   Level 1.3 Evocations


You had 7 spell levels left.
You knew the following spells:

 Your Spells              Type           Power        Failure   Level  Hunger
a - Regeneration          Chrm/Necr      #.........   65%         3    ###....


Dungeon Overview and Level Annotations

Branches:
Dungeon (6/15)
 Temple: D:4-7

Altars:
Cheibriados
Qazlal

Annotations:
D:3 4thArraOfDagon's ghost, weakling TrWn
D:5 4thArraOfDagon's ghost, novice TrWn; Blork the orc
D:6 Sigmund


Innate Abilities, Weirdness & Mutations

You are too large for most types of armour.
You have claws for hands.
Your metabolism is lightning-fast.
You like to eat raw meat.
Your natural rate of healing is unusually fast.
You are covered in fur. (AC +1)
You have very tough skin. (AC +2)
You have an increased reservoir of magic. (+10% MP)
You evolve.
Your movements are slightly less encumbered by armour. (ER -2)


Message History

You flicker for a moment.
Unknown command.
Unknown command.
A magic dart appears from out of thin air!
Unknown command.
Unknown command.
You flicker back into view.
A puff of flame appears from out of thin air!
The puff of flame hits you!
* * * LOW HITPOINT WARNING * * *
Unknown command.
As you read the scroll labeled FAIXIKHLIOSK, it crumbles to dust.
You hear a loud clanging noise!
It was a scroll of noise.
You feel protected. Something hits you.
* * * LOW HITPOINT WARNING * * *
Unknown command.
Something hits you!
You die...

.. .# ##.# #.. ######
#.# #....# #.##
#######
#....######..###......
#....##..........###.#
#....@..####.##### #.#
#....#### #...### ..#
#....# ###...##..#
#....# ###.##..#
#....# #...... ###.##
###.### ##.# .# # #..#
# # ####.##########


There were no monsters in sight!

Vanquished Creatures
  A sky beast (D:6)
  A bullfrog (D:6)
  2 scorpions
  A hound (D:4)
  Natasha (D:3)
  An iguana (D:6)
  An orc wizard (D:4)
  2 worker ants (D:4)
  A leopard gecko (D:4)
  6 orcs
  3 goblins
  A hobgoblin (D:1)
  2 quokkas (D:4)
  A ball python (D:3)
  A frilled lizard (D:1)
  A rat (D:1)
26 creatures vanquished.

Notes
Turn   | Place    | Note
-------+----------+-------------------------------------------
     0 | D:1      | 4thArraOfDagon the Troll Wanderer began the quest for the Orb.
     0 | D:1      | 4thArraOfDagon set off with: a book of Battle, the Papyrus of Shape Shifting, a potion of lignification, a +0 robe, a +0 club, 2 bread rations
     0 | D:1      | Reached XP level 1. HP: 16/16 MP: 3/3
     0 | D:1      | Identified the Papyrus of Shape Shifting
    35 | D:1      | Reached skill level 1 in Unarmed Combat
    65 | D:3      | Found a snail-covered altar of Cheibriados.
    67 | D:3      | Noticed Natasha
    74 | D:3      | Became a worshipper of Cheibriados the Contemplative
    84 | D:3      | Killed Natasha
    84 | D:3      | Reached skill level 2 in Unarmed Combat
    84 | D:3      | Reached XP level 2. HP: 23/24 MP: 4/4
    84 | D:3      | Reached XP level 3. HP: 30/31 MP: 5/5
    93 | D:3      | Learned a level 3 spell: Regeneration
   230 | D:5      | Entered Level 5 of the Dungeon
   242 | D:5      | Noticed 4thArraOfDagon's ghost (novice TrWn)
   246 | D:5      | Noticed Blork the orc
   282 | D:4      | Reached skill level 3 in Unarmed Combat
   385 | D:4      | Reached skill level 1 in Invocations
   385 | D:4      | Reached XP level 4. HP: 37/39 MP: 6/6
   454 | D:4      | Reached skill level 4 in Unarmed Combat
   454 | D:4      | Reached XP level 5. HP: 13/45 MP: 7/7
   539 | D:3      | Noticed 4thArraOfDagon's ghost (weakling TrWn)
   557 | D:3      | Found a stormy altar of Qazlal.
   699 | D:6      | Reached skill level 5 in Unarmed Combat
   708 | D:6      | Noticed a sky beast
   724 | D:6      | Killed a sky beast
   724 | D:6      | Reached * piety under Cheibriados
   724 | D:6      | Reached XP level 6. HP: 21/53 MP: 8/8
   821 | D:6      | Noticed Sigmund
   823 | D:6      | Gained mutation: You have an increased reservoir of magic. (+10% MP) [potion of mutation]
   823 | D:6      | Gained mutation: Your movements are slightly less encumbered by armour. (ER -2) [potion of mutation]
   823 | D:6      | Gained mutation: You evolve. [potion of mutation]
   856 | D:6      | Mangled by Sigmund

Vault maps used:
D:1:      minmay_arrival_arboretum_small
D:2:      eat_drink_and_be_merry_uskayaw, uniq_iyjb
D:3:      nicolae_overflow_hidden_temple, vehumet_crystals, cheibriados_altar_1,
          uniq_natasha
D:4:      tso_oasis_becter, first_bread, uniq_duvessa
D:5:      serial_shops, nicolae_shop_temple_entry_statues_fountains,
          bloody_trog, uniq_blork_the_orc
D:6:      minmay_misc_feat_rows, uniq_sigmund

Skill      XL: |  1  2  3  4  5 |
---------------+----------------+-----
Unarmed Combat | 2 3 4 5 |  5.8
Invocations    | 1 2 |  2.6
Fighting       | |  0.1
Dodging        | |  0.1
Spellcasting   | |  2.6
Charms         | |  1.0
Transmutations | |  1.3
Ice Magic      | |  1.0
Evocations     | |  1.3

Action                   |  1- 3 |  4- 6 || total
-------------------------+-------+-------++-------
Melee: Unarmed           |    39 |    78 ||   117
  Use: Potion            |     1 |     6 ||     7
       Scroll            |       |     6 ||     6
  Eat: Chunk             |     2 |     8 ||    10
Armor: Skin              |     6 |       ||     6
       Robe              |    12 |    23 ||    35
Dodge: Dodged            |    16 |    26 ||    42
